 Dungeon Crawl Stone Soup version 0.29.1-12-g30fa7ad0bf (webtiles) character file.

Game seed: 13531328881509429326

812 hawla the Chiller (level 8, 0/51 (59) HPs)
             Began as a Meteoran Ice Elementalist on Jan 2, 2023.
             Was an Initiate of Vehumet.
             Slain by a wight
             ... wielding a +0 scimitar
              (1 damage)
             ... on level 5 of the Dungeon.
             The game lasted 00:06:28 (1494 turns).

hawla the Chiller (Meteoran Ice Elementalist)       Turns: 1494, Time: 00:06:29

HP:   0/51 (59)     AC:  3    Str:  9    XL:     8   Next: 38%
MP:   18/18         EV: 12    Int: 20    God:    Vehumet [......]
Gold: 49            SH:  0    Dex: 14    Spells: 11/19 levels left

rFire   . . .      SeeInvis .   (no weapon)
rCold   . . .      Faith    .   (no shield)
rNeg    . . .      Spirit   .   a - +0 robe
rPois   .          Reflect  .   c - +0 helmet
rElec   .          Harm     .   (no cloak)
rCorr   .          Rampage  .   (no gloves)
Will    .....                   (no boots)
Stlth   +.........              e - amulet of magic regeneration
HPRegen 0.17/turn               (no ring)
MPRegen 0.56/turn               (no ring)

@: about to teleport, weak-willed, glowing, heavily drained
A: sense surroundings 1, otherworldly, glowing, explore regen
a: Renounce Religion


You were on level 5 of the Dungeon.
You worshipped Vehumet.
Vehumet was noncommittal.
You visited 2 branches of the dungeon, and saw 6 of its levels.

You collected 88 gold pieces.
You spent 39 gold pieces at shops.

Inventory:

Armour
 a - a +0 robe (worn)
 c - a +0 helmet (worn)
Jewellery
 e - an amulet of magic regeneration (around neck)
Wands
 h - a wand of mindburst (4) (quivered)
Scrolls
 d - a scroll of identify
 j - a scroll of teleportation
Potions
 b - 2 potions of magic
 g - a potion of mutation
 i - a potion of flight {unknown}
 l - 2 potions of attraction {unknown}
 m - a potion of brilliance {unknown}
 n - a potion of berserk rage {unknown}


   Skills:
 + Level 1.2 Fighting
 + Level 2.7 Dodging
 - Level 1.4 Stealth
 + Level 6.2 Spellcasting
 + Level 5.4 Conjurations
 + Level 6.6 Ice Magic
 + Level 2.2 Evocations


You had 11 spell levels left.
You knew the following spells:

 Your Spells              Type           Power      Damage    Failure   Level
a - Freeze                Ice            100%       1d11      1%          1
b - Frozen Ramparts       Ice            64%        1d10      1%          3
c - Hailstorm             Conj/Ice       30%        3d8       9%          4

Your spell library contained the following spells:

 Spells                   Type           Power      Damage    Failure   Level
 Ozocubu's Armour         Ice            32%        N/A       1%          3


Dungeon Overview and Level Annotations

Branches:
Dungeon (5/15) Zot: 1596   Temple (1/1) D:5 Zot: 509

Altars:
Ashenzari
Cheibriados
Elyvilon
Fedhas
Gozag
Hepliaklqana
Makhleb
Nemelex Xobeh
Okawaru
Qazlal
Ru
Trog
Uskayaw
Vehumet
Wu Jian
Xom
Yredelemnul
Zin
The Shining One

Shops:
D:4 ?


Innate Abilities, Weirdness & Mutations

You passively map a small area around you.
You are easily found by Zot.
You glow in the dark.
You regain HP and MP as you explore.


Message History

Found a stone staircase leading up.
You now have 49 gold pieces (gained 11).
A wight comes into view. It is wielding a +1 dagger.
A wight is nearby!
A wight comes into view. It is wielding a +0 scimitar.
A wight comes into view. It is wielding a +4 great sword.
Casting: Freeze (safe; 1% risk of failure)
Confirm with . or Enter, or press ? or * to list all spells.
Casting: Hailstorm (dangerous; 9% risk of failure)
Press: ? - help, Dir - look around, f - activate A cannonade of hail descends around you!
The hail pelts the wight.
The wight partially resists.
The wight is moderately damaged.
Unknown command.
As you read the scroll labelled JIFUTOEPUD, it crumbles to dust.
It is a scroll of identify.
g - a potion of mutation The wight hits you but does no damage.
As you read the scroll labelled ENUEMULLEDGH, it crumbles to dust.
Magic quickly surges around you.
It was a scroll of vulnerability.
As you read the scroll labelled DIMANO PETIOF, it crumbles to dust.
You feel aware of your surroundings.
It was a scroll of magic mapping.
The wight attacks as you move away! The wight hits you with a +0 scimitar!
You feel drained. The wight attacks as you move away!
The wight barely misses you. The wight attacks as you move away!
The wight hits you with a +0 scimitar!
You feel drained. The wight attacks as you move away!
The wight hits you with a +1 dagger.
You feel drained.
As you read the scroll of teleportation, it crumbles to dust.
You feel strangely unstable. The wight hits you with a +0 scimitar!
* * * LOW HITPOINT WARNING * * *
It was a potion of curing.
You feel better. The wight hits you with a +0 scimitar!
* * * LOW HITPOINT WARNING * * *
The wight closely misses you.
You feel better. The wight hits you with a +0 scimitar!
* * * LOW HITPOINT WARNING * * *
You feel drained.
You die...

.........###<.........,,,,*
.......#####..........,,,,**
†......# ##...........,*,,,*
......####........####**,,,*
......##....#..#### *,,,*
.#####....####..# *,,,**
#####....## ##.## *####,,.,*
###....### ##.###...#...,*
#....### #@z.........,**
...### #zz.........,,* *
..## ###.........,,* * ###
##!.......,,**** #
##.......,,,**,
*..#....,,,,,, ***
*#..#...,,,,** *,*******
*#.....,,***
*,,,,,,,****,.####,**


You could see 3 wights.

Vanquished Creatures
  Prince Ribbit (D:5)
  Menkaure (D:4)
  2 black bears
  2 scorpions
  A jelly (D:4)
  2 orc priests (D:4)
  A hound (D:4)
  Natasha (D:3)
  An adder (D:5)
  A shadow imp (D:5)
  A white imp (D:5)
  A worm (D:2)
  14 orcs
  A ball python (D:1)
  5 endoplasms
  A giant cockroach (D:3)
  4 goblins
  4 hobgoblins
  A bat (D:1)
  6 kobolds
  2 rats
53 creatures vanquished.

Notes
Turn   | Place    | Note
-------+----------+-------------------------------------------
     0 | D:1      | hawla the Meteoran Ice Elementalist began the quest for the
                  | Orb.
     0 | D:1      | Reached XP level 1. HP: 14/14 MP: 5/5
    42 | D:1      | Reached XP level 2. HP: 20/20 MP: 1/6
   197 | D:3      | Reached XP level 3. HP: 19/26 MP: 5/8
   248 | D:3      | Noticed Natasha
   253 | D:3      | Killed Natasha
   254 | D:3      | Reached skill level 5 in Ice Magic
   254 | D:3      | Reached XP level 4. HP: 32/33 MP: 6/10
   258 | D:3      | Learned a level 3 spell: Frozen Ramparts
   295 | D:3      | Learned a level 4 spell: Hailstorm
   300 | D:4      | Noticed a scorpion
   303 | D:4      | Killed a scorpion
   304 | D:4      | Reached XP level 5. HP: 26/38 MP: 6/11
   308 | D:4      | Noticed a black bear
   316 | D:4      | Killed a black bear
   317 | D:4      | Reached XP level 6. HP: 35/45 MP: 4/12
   383 | D:4      | Reached skill level 5 in Conjurations
   443 | D:4      | Found a stormy altar of Qazlal.
   468 | D:4      | Found Dayczu's Magic Scroll Shop.
   481 | D:4      | Bought a scroll of teleportation for 39 gold pieces
   497 | D:4      | Reached skill level 1 in Evocations
   497 | D:4      | Reached XP level 7. HP: 27/50 MP: 10/14
   513 | D:4      | Noticed Menkaure
   514 | D:4      | Killed Menkaure
   881 | D:5      | Entered Level 5 of the Dungeon
   997 | D:5      | Found a staircase to the Ecumenical Temple.
  1007 | Temple   | Entered the Ecumenical Temple
  1090 | Temple   | Became a worshipper of Vehumet
  1199 | D:5      | Reached skill level 5 in Spellcasting
  1395 | D:5      | Noticed Prince Ribbit
  1399 | D:5      | Killed Prince Ribbit
  1400 | D:5      | Reached skill level 1 in Fighting
  1400 | D:5      | Reached XP level 8. HP: 42/59 MP: 9/17
  1494 | D:5      | HP: 1/54 [wight/+0 scimitar (15)]
  1494 | D:5      | Slain by a wight

Illustrated notes

Levels and vault maps discovered:
D:1:      roderic_crossed_star, layout_basic
D:2:      layout_rooms, serial_bayou, serial_bayou_pond_a, serial_bayou_pond_e,
          serial_bayou_pond_e, serial_bayou_shore_a,
          shapermc_ecumenical_altar_pompeii, uniq_jessica
D:3:      layout_loops_ring, serial_shops, shop_coins, uniq_natasha
D:4:      layout_cave_pools, grunt_qazlal_sundering, serial_shops, shop,
          uniq_menkaure
D:5:      layout_cave_pods, minmay_temple_entry_statues_fountains,
          chequers_mini_garden, uniq_prince_ribbit1
Temple:   dpeg_three_leaves_temple

Skill      XL: |  1  2  3  4  5  6  7  8 |
---------------+-------------------------+-----
Spellcasting   | 3 4 5 6 |  6.2
Ice Magic      | 5 6 |  6.6
Conjurations   | 3 4 5 |  5.4
Evocations     | 1 2 |  2.2
Fighting       | 1 |  1.2
Dodging        | |  2.7
Stealth        | |  1.4

Action                   |  1- 3 |  4- 6 |  7- 9 || total
-------------------------+-------+-------+-------++-------
Melee: Unarmed           |     1 |     1 |    18 ||    20
 Cast: Freeze            |    30 |    11 |    11 ||    52
       Frozen Ramparts   |       |    10 |     5 ||    15
       Hailstorm         |       |     4 |     6 ||    10
Evoke: Wand              |       |       |     4 ||     4
  Use: Scroll            |       |       |     4 ||     4
       Potion            |       |       |     2 ||     2
Armor: Robe              |     8 |     1 |     8 ||    17
Dodge: Dodged            |    14 |     8 |    15 ||    37
